 Dungeon Crawl Stone Soup version 0.30-a0-715-gdb4ae3ece1 (webtiles) character file.

Game seed: 18032409073747786032

72 M4edhros the Shooter (level 4, 0/28 HPs)
             Began as an Octopode Transmuter on Jan 24, 2023.
             Slain by Sigmund
             ... wielding a +0 scythe
              (8 damage)
             ... on level 3 of the Dungeon.
             The game lasted 00:01:45 (635 turns).

M4edhros the Shooter (Octopode Transmuter)           Turns: 635, Time: 00:01:46

Health: 0/28       AC:  1    Str:  9    XL:     4   Next: 25%
Magic:  7/7        EV: 13    Int: 15    God:
Gold:   66         SH:  0    Dex: 14    Spells: 6/7 levels left

rFire   . . .      SeeInvis .      - Unarmed
rCold   . . .      Faith    .    (no shield)
rNeg    . . .      Spirit   .    (helmet restricted)
rPois   .          Reflect  .    (no amulet)
rElec   .          Harm     .    (no ring)
rCorr   .          Rampage  .    (no ring)
Will    .....                    (no ring)
Stlth   ++                       (no ring)
HPRegen 0.24/turn                (no ring)
MPRegen 0.10/turn                (no ring)
                                 (no ring)
                                 (no ring)

@: no status effects
A: almost no armour, amphibious, 8 rings, camouflage 1, gelatinous body 1,
(nimble swimmer 1), tentacles
a: no special abilities


You were on level 3 of the Dungeon.
You visited 1 branch of the dungeon, and saw 3 of its levels.

You collected 66 gold pieces.

Inventory:

Hand Weapons
 b - a +0 sling
Scrolls
 c - a scroll of fog {unknown}
 e - a scroll of brand weapon {unknown}
Potions
 a - 2 potions of mutation {unknown}


   Skills:
 - Level 1.0 Fighting
 * Level 3.6 Ranged Weapons
 - Level 2.0 Dodging
 - Level 3.1 Unarmed Combat
 - Level 2.0 Spellcasting
 - Level 2.0 Transmutations


You had 6 spell levels left.
You knew the following spells:

 Your Spells              Type           Power      Damage    Failure   Level
a - Beastly Appendage     Tmut           14%        N/A       10%         1

Your spell library contained the following spells:

 Spells                   Type           Power      Damage    Failure   Level
 Wereblood                Tmut           7%         N/A       14%         2
 Spider Form              Tmut/Pois      4%         N/A       41%         3
 Ice Form                 Ice/Tmut       4%         N/A       82%         4


Dungeon Overview and Level Annotations

Branches:
Dungeon (3/15)

Altars:

Annotations:
D:3 Sigmund


Innate Abilities, Weirdness & Mutations

You cannot wear most types of armour.
You are amphibious.
You can wear up to eight rings at the same time.
Your skin changes colour to match your surroundings (Stealth+).
Your rubbery body absorbs attacks. (AC +1, EV +1)
((You are camouflaged when in or above water. (Stealth+)))
You have tentacles for arms and can constrict up to eight enemies at once.


Message History

You constrict the hobgoblin, but do no damage.
The hobgoblin hits you but does no damage.
The goblin hits you with a +0 club. x2
You tentacle-slap the hobgoblin.
You kill the hobgoblin!
The goblin closely misses you. The goblin barely misses you.
You closely miss the goblin. You grab the goblin. You squeeze the goblin.
You kill the goblin!
The goblin hits you with a +0 club.
You tentacle-slap the goblin.
You kill the goblin!
No target in view!
Things that are here:
a +0 club; a goblin corpse No target in view!
HP restored.
You now have 54 gold pieces (gained 13).
There is a stone staircase leading up, spattered with blood here.
You now have 66 gold pieces (gained 12).
You see here a hobgoblin corpse.
a - 2 red potions Sigmund the Dreaded comes into view.
He is wielding a +0 scythe.
Sigmund shouts!
Sigmund is nearby!
Sigmund is nearby!
Sigmund is nearby!
Sigmund hits you from afar with a +0 scythe!
You tentacle-slap Sigmund but do no damage.
You grab Sigmund. You constrict Sigmund. Sigmund closely misses you.
You tentacle-slap Sigmund. You squeeze Sigmund!
Sigmund is moderately wounded.
You constrict Sigmund. Sigmund hits you with a +0 scythe!
* * * LOW HITPOINT WARNING * * *
You tentacle-slap Sigmund.
Sigmund is heavily wounded.
You constrict Sigmund. You barely miss Sigmund.
Sigmund is heavily wounded.
You constrict Sigmund. Sigmund hits you with a +0 scythe!
You die...

. ######..
######......
#........#
#........###..
#..@@.........
######.####..
#.# # #.# ..
#.# ##...
###.###.....
#.†.....#
#.<...#.#
#.))..#


You could see Sigmund.

Vanquished Creatures
  Robin (D:2)
  3 gnolls (D:2)
  A dart slug (D:2)
  2 endoplasms (D:2)
  11 goblins
  5 hobgoblins
  2 kobolds (D:2)
  A quokka (D:2)
  A ball python (D:2)
  A bat (D:2)
28 creatures vanquished.

Notes
Turn   | Place    | Note
-------+----------+-------------------------------------------
     0 | D:1      | M4edhros the Octopode Transmuter began the quest for the
                  | Orb.
     0 | D:1      | Reached XP level 1. HP: 13/13 MP: 3/3
   174 | D:2      | Reached skill level 1 in Ranged Weapons
   174 | D:2      | Reached XP level 2. HP: 3/18 MP: 5/5
   174 | D:2      | HP: 1/27 [gnoll/+0 spear (4)]
   194 | D:2      | Reached XP level 3. HP: 16/23 MP: 6/6
   320 | D:2      | HP: 1/23 [goblin/+0 club (3)]
   460 | D:2      | Found Giwuc's Armour Emporium.
   491 | D:3      | Noticed Robin
   506 | D:2      | Killed Robin
   507 | D:2      | Reached XP level 4. HP: 16/28 MP: 7/7
   629 | D:3      | Noticed Sigmund
   635 | D:3      | Slain by Sigmund

Illustrated notes

Levels and vault maps discovered:
D:1:      lemuel_arrival_muddy, layout_rooms, kennysheep_small_spiral
D:2:      layout_basic, serial_shops, shop_fountains
D:3:      layout_rooms, uniq_robin, uniq_sigmund

Skill      XL: |  1  2  3 |
---------------+----------+-----
Ranged Weapons | 1 2 3 |  3.6
Fighting       | |  1.0
Dodging        | |  2.0
Unarmed Combat | |  3.1
Spellcasting   | |  2.0
Transmutations | |  2.0

Action                     |  1- 3 |  4- 6 || total
---------------------------+-------+-------++-------
  Melee: Unarmed           |    29 |    13 ||    42
         Constrict         |    11 |     4 ||    15
         Tentacles         |     8 |     3 ||    11
   Fire: Sling             |    51 |       ||    51
    Use: Potion            |     3 |       ||     3
   Stab: Sleeping          |     3 |       ||     3
 Armour: Skin              |    17 |     1 ||    18
  Dodge: Dodged            |    54 |    10 ||    64

Table legend: (Time is in decaauts)
 A = Elapsed time spent in this place.
 B = Non-inter-level travel time spent in this place.
 C = Inter-level travel time spent in this place.
 D = Time resting spent in this place.
 E = Time spent auto-exploring this place.
 F = Levels seen in this place.
 G = Mean time per level.
                   A        B        C        D        E       F      G
               +--------+--------+--------+--------+--------+-----+--------+
         Total |    646 |    619 |     27 |    139 |    320 |   3 |  215.3 |
       Dungeon |    646 |    619 |     27 |    139 |    320 |   3 |  215.3 |
               +--------+--------+--------+--------+--------+-----+--------+

Top non-repeatable levels by time:
     D:2: 470 daAuts
     D:1: 94 daAuts
     D:3: 81 daAuts
